[Event "Wednesday Night Engine Tour 13 rd Swiss 3m+1s Starts at 2200hrs"]
[Site "Infinity Chess"]
[Date "2018.4.18"]
[Round "6"]
[White "Mr Aj"]
[Black "ocirema"]
[Result "0-1 "]
[ECO "A05"]
[WhiteElo "2404"]
[BlackElo "2453"]
[WhiteEngine "Houdini 6_CTG"]
[BlackEngine "asmFishW_2018-04-11_popcnt_CTG"]
[EventType "Swiss"]
[WhiteTeam ""]
[BlackTeam ""]
[PlyCount "230"]
[TimeControl "180+1"]

1. Nf3 Nf6 2. d4 e6 3. c4 d5 4. Nc3 c6 5. e3 Nbd7 6. h3 Be7 7. Bd3 O-O 8. a4 b6 
9. O-O Bb7 10. b3 c5 11. Bb2 cxd4 12. exd4 Rc8 13. Qe2 Nb8 14. a5 bxa5 
15. c5 Nc6 16. Rfd1 Nd7 17. Bb5 Bf6 18. Qd2 a6 19. Ba4 Qc7 20. Ne2 g6 
21. Bxc6 Bxc6 22. Rxa5 Qb7 23. b4 Rb8 24. Bc3 Bb5 25. Re1 Bg7 26. Ne5 Nf6 
27. f3 Nd7 28. h4 Nf6 29. Qe3 Qc7 30. Bd2 Nd7 31. f4 Qd8 32. g3 Rb7 33. Ra3 Nf6 
34. Nc3 Bc4 35. g4 h5 36. g5 Ne8 37. Nd1 Nc7 38. Qf2 Bb5 39. Nc3 Be8 40. Ne2 Qe7 
41. Nc1 Qd8 42. Rd1 Bb5 43. Be1 Bc4 44. Rf3 Bb5 45. Kh2 Qc8 46. Ra3 Qa8 
47. Ne2 Rd8 48. Rda1 Be8 49. Ra5 Ra7 50. Nc3 Qb7 51. Kg1 Rb8 52. Qe3 Qc8 
53. Na4 Qd8 54. Nb2 Rab7 55. Nd1 Ra8 56. Qf2 Rb5 57. R5a2 Qe7 58. Kh2 Rd8 
59. Ne3 Rbb8 60. Nc2 Bb5 61. Bd2 Rf8 62. Ne3 Be8 63. Re1 Ra8 64. Ng2 Qd8 
65. Rea1 Bb5 66. Ne3 Rb8 67. Ra5 Kh7 68. Rc1 Qe7 69. Re1 Qe8 70. Nc2 Qc8 
71. Na3 Be8 72. Ra1 Qb7 73. Nc2 Kg8 74. Qe3 Ra8 75. Ne1 Bb5 76. Rc1 Rfe8 
77. N1d3 Re7 78. Nb2 Rb8 79. Na4 Qc8 80. Nc3 Bd7 81. Nxd7 Rxd7 82. Ne2 Nb5 
83. Qd3 Ra7 84. Rca1 Kh7 85. R1a2 Kh8 86. Be1 Kh7 87. R5a4 Kg8 88. Qd2 Qb7 
89. Ra5 Kh7 90. Bf2 Nc7 91. R2a4 Bf8 92. Qe3 Rba8 93. Kg2 Bg7 94. Ng1 Nb5 
95. Qd2 Kg8 96. Nf3 Rb8 97. Ne5 Re8 98. Qd3 Raa8 99. Ra2 Nc7 100. Qb1 Rab8 
101. b5 Bxe5 102. dxe5 d4+ 103. c6 Qc8 104. b6 Nb5 105. Qc1 Rxb6 106. Rc2 Qa8 
107. Kh2 Rc8 108. Rd2 Rbxc6 109. Qh1 Rd8 110. Ra1 Qc8 111. Qe4 Rc1 112. Ra4 Qc3 
113. Qd3 Qc6 114. Bg1 Rc8 115. Rb4 Rc3 0-1

[Event "Wednesday Night Engine Tour 13 rd Swiss 3m+1s Starts at 2200hrs"]
[Site "Infinity Chess"]
[Date "2018.4.18"]
[Round "6"]
[White "MiKachomiKa QueeN"]
[Black "star99"]
[Result "1/2-1/2"]
[ECO "C43"]
[WhiteElo "2454"]
[BlackElo "2486"]
[WhiteEngine "stockfish_18041819_x64_modern_CTG"]
[BlackEngine "Cryptic Heroes 9.4B"]
[EventType "Swiss"]
[WhiteTeam ""]
[BlackTeam ""]
[PlyCount "126"]
[TimeControl "180+1"]

1. e4 e5 2. Nf3 Nf6 3. d4 Nxe4 4. Bd3 d5 5. Nxe5 Nd7 6. Nxd7 Bxd7 7. O-O Bd6 
8. c4 O-O 9. c5 Be7 10. Nd2 Bf5 11. Nf3 Bg4 12. Re1 Bh5 13. Be3 Bf6 14. Bf4 Bg5 
15. Bxg5 Nxg5 16. Be2 Bxf3 17. Bxf3 c6 18. Qd3 Qf6 19. Bg4 h6 20. Re3 Rae8 
21. Rae1 Re4 22. Rxe4 dxe4 23. Qc3 Re8 24. Bd1 Nh7 25. Bb3 Qf4 26. Qg3 Qxg3 
27. fxg3 Nf6 28. Kf1 Re7 29. Ke2 g5 30. Bc4 a5 31. h3 Kg7 32. Ke3 h5 33. Rf1 Nd7 
34. Be2 Nf6 35. Bc4 Nd7 36. h4 gxh4 37. gxh4 Kg6 38. Rd1 Nf6 39. g3 Nd5+ 
40. Bxd5 cxd5 41. Rf1 f6 42. b3 Re8 43. a3 Rg8 44. Kf2 Kf5 45. Rc1 Ke6 
46. c6 bxc6 47. Rxc6+ Kf5 48. Rd6 e3+ 49. Kf3 e2 50. Kxe2 Ke4 51. Kf2 Rc8 
52. Rxf6 Rc2+ 53. Ke1 Rc3 54. Kf2 Rc2+ 55. Ke1 Kxd4 56. Rf5 Rc3 57. Rxh5 Rxb3 
58. g4 Rxa3 59. g5 Ke3 60. Kf1 Kf3 61. Ke1 Ke3 62. Kf1 Kf3 63. Ke1 Ke3 1/2-1/2

[Event "Wednesday Night Engine Tour 13 rd Swiss 3m+1s Starts at 2200hrs"]
[Site "Infinity Chess"]
[Date "2018.4.18"]
[Round "6"]
[White "RonWeasley"]
[Black "targam"]
[Result "1/2-1/2"]
[ECO "D30"]
[WhiteElo "2540"]
[BlackElo "2537"]
[WhiteEngine "BrainFish 090218_CTG"]
[BlackEngine "asmFishW_2018-04-11_bmi2"]
[EventType "Swiss"]
[WhiteTeam ""]
[BlackTeam ""]
[PlyCount "185"]
[TimeControl "180+1"]

1. d4 d5 2. c4 e6 3. Nf3 Nf6 4. Nc3 c6 5. Bg5 h6 6. Bxf6 Qxf6 7. e3 Nd7 
8. Be2 Qd8 9. Qc2 Be7 10. Rc1 a6 11. O-O O-O 12. a3 b6 13. Rfd1 Bb7 14. e4 Re8 
15. e5 dxc4 16. Bxc4 Qb8 17. Re1 Nf8 18. Ba2 Rd8 19. Red1 Qc7 20. Qe2 Rd7 
21. Rc2 Rad8 22. Rcd2 a5 23. Bb3 b5 24. Qe3 b4 25. axb4 Qb6 26. Ba4 Qxb4 
27. Qe2 Rb8 28. g3 Rdd8 29. Bc2 c5 30. Be4 cxd4 31. Nxd4 Bc5 32. Nf3 Rxd2 
33. Rxd2 Qb6 34. Bxb7 Qxb7 35. Ne4 Bb4 36. Rd4 Ng6 37. h4 Bf8 38. Rd2 Qb5 
39. Nc3 Qb7 40. Ne4 Qb5 41. Nc3 Qb6 42. Ne4 Ne7 43. Nd4 Nd5 44. Qc4 Nb4 
45. Kh2 Rd8 46. f4 Nd5 47. Qb5 Bb4 48. Rd3 Qxb5 49. Nxb5 Rb8 50. Nd4 a4 
51. Kh3 Bf8 52. Rd2 h5 53. Re2 Rb7 54. Kg2 Rb6 55. Kf2 Rb4 56. Nc6 Rc4 
57. Na5 Bc5+ 58. Nxc5 Rxc5 59. Nb7 Rb5 60. Nd6 Rb4 61. Rd2 Kf8 62. Re2 Kg8 
63. Rd2 Kf8 64. Re2 Ke7 65. Ne4 Kd7 66. Nd6 Ke7 67. Ne4 Ke8 68. Nc5 Ne7 
69. Re4 Rxb2+ 70. Kf3 Rc2 71. Nxa4 Nf5 72. Rb4 f6 73. exf6 gxf6 74. g4 hxg4+ 
75. Kxg4 Ne3+ 76. Kg3 Kf7 77. h5 Kg7 78. Rb7+ Kh6 79. Rf7 Nd5 80. Nb6 Nxb6 
81. Rxf6+ Kxh5 82. Rxe6 Rc3+ 83. Kf2 Nc4 84. f5 Ra3 85. f6 Kg6 86. Re4 Nd6 
87. Rf4 Kf7 88. Rf3 Ra4 89. Kg3 Ne4+ 90. Kg4 Kg6 91. f7 Nf6+ 92. Kg3 Kxf7 
93. Re3 1/2-1/2

[Event "Wednesday Night Engine Tour 13 rd Swiss 3m+1s Starts at 2200hrs"]
[Site "Infinity Chess"]
[Date "2018.4.18"]
[Round "6"]
[White "Dovahkiin"]
[Black "Deep_Impact"]
[Result "0-1"]
[ECO "C50"]
[WhiteElo "2424"]
[BlackElo "2552"]
[WhiteEngine "Raubfisch ME262_GTZ16f_CTG"]
[BlackEngine "BrainFish_180411_x64_bmi2"]
[EventType "Swiss"]
[WhiteTeam ""]
[BlackTeam ""]
[PlyCount "174"]
[TimeControl "180+1"]

1. e4 e5 2. Nf3 Nc6 3. Bc4 Bc5 4. O-O Nf6 5. d3 d6 6. c3 a5 7. Bg5 Ba7 
8. Nbd2 h6 9. Bh4 Qe7 10. Bb5 g5 11. Bg3 O-O 12. Nc4 Nh5 13. Bxc6 bxc6 
14. Nxa5 Nxg3 15. hxg3 Bd7 16. Qd2 f6 17. Nc4 h5 18. Ne3 Qh7 19. a4 h4 
20. g4 Bxe3 21. Qxe3 Bxg4 22. a5 Bc8 23. Nd2 Kf7 24. d4 Ba6 25. Rfb1 g4 
26. b4 Qh5 27. dxe5 Qxe5 28. c4 Rfb8 29. Qh6 Rh8 30. Qe3 Rhb8 31. Ra3 Qg5 
32. Qxg5 fxg5 33. Kh2 Ke7 34. g3 h3 35. f3 gxf3 36. Rxf3 g4 37. Rf4 Rf8 
38. Rb2 Rab8 39. Nf1 Bxc4 40. Ne3 Rxf4 41. gxf4 Bd3 42. Nxg4 Bxe4 43. a6 Bd5 
44. Rb1 Be6 45. Re1 Kf7 46. f5 Bxf5 47. Nh6+ Kg6 48. Nxf5 Kxf5 49. Rc1 Ke6 
50. Rxc6 Kd7 51. Rc3 Rxb4 52. Ra3 Rb8 53. Kxh3 Kc6 54. Kg4 Rf8 55. Kg3 Ra8 
56. a7 Kb7 57. Ra1 Rxa7 58. Rb1+ Kc6 59. Kf2 d5 60. Ke3 Kc5 61. Rc1+ Kd6 
62. Kd3 c5 63. Kc3 Ra3+ 64. Kb2 Rg3 65. Rf1 d4 66. Kc1 Kd5 67. Kb2 Kc4 
68. Rf2 Kb4 69. Kc1 d3 70. Rb2+ Kc3 71. Rc2+ Kd4 72. Rh2 c4 73. Kb2 c3+ 
74. Kb3 d2 75. Kc2 Rg1 76. Rh4+ Ke3 77. Rh3+ Ke2 78. Rh2+ Ke1 79. Kxc3 d1=Q 
80. Kb2 Qa4 81. Kc1 Qf4+ 82. Kb2 Rg4 83. Rh1+ Kd2 84. Rh3 Qc7 85. Rb3 Qc1+ 
86. Ka2 Ra4+ 87. Ra3 Rxa3# 0-1

[Event "Wednesday Night Engine Tour 13 rd Swiss 3m+1s Starts at 2200hrs"]
[Site "Infinity Chess"]
[Date "2018.4.18"]
[Round "6"]
[White "picolo1"]
[Black "xeonrocks"]
[Result "0-1"]
[ECO "C50"]
[WhiteElo "2463"]
[BlackElo "2622"]
[WhiteEngine "asmFishW_2018-04-11_base_y_CTG"]
[BlackEngine "Stockfish_x64_bmi2_CTG"]
[EventType "Swiss"]
[WhiteTeam ""]
[BlackTeam ""]
[PlyCount "132"]
[TimeControl "180+1"]

1. e4 e5 2. Nf3 Nc6 3. Bc4 Bc5 4. O-O Nf6 5. d3 d6 6. c3 a5 7. Re1 Ba7 
8. Nbd2 O-O 9. Nf1 Be6 10. Bxe6 fxe6 11. a4 Qe8 12. Qb3 Nh5 13. Be3 Nf4 
14. Bxf4 Rxf4 15. Ne3 Rb8 16. Rf1 Qg6 17. Kh1 Qf6 18. Nd2 Qf7 19. Nf3 h6 
20. Rae1 Kh7 21. Qd1 Rd8 22. h3 Ne7 23. Kh2 Ng6 24. Nc4 Rf8 25. d4 exd4 
26. cxd4 e5 27. Nxa5 Qd7 28. Ng1 Rxf2 29. Rxf2 Rxf2 30. Re2 Rf6 31. Nb3 Qf7 
32. Nd2 exd4 33. Ndf3 c5 34. b3 Bb8 35. Qc2 Nf4 36. Re1 d3 37. Qb1 Rg6 
38. g3 Nh5 39. Qxd3 Nxg3 40. h4 Qe6 41. Ng5+ hxg5 42. Qxg3 gxh4 43. Qf3 Qe5+ 
44. Kh1 c4 45. bxc4 d5 46. Qh3 dxc4 47. Nf3 Qg3 48. Qxg3 Rxg3 49. Nd4 Be5 
50. Nc2 g5 51. Rf1 Kg6 52. a5 Rb3 53. Rf5 Bf4 54. Nd4 Rb1+ 55. Kg2 Rb2+ 
56. Kh3 Kh5 57. Rxf4 gxf4 58. e5 Rd2 59. Nb5 f3 60. Nc3 f2 61. Kg2 h3+ 
62. Kf1 h2 63. Ne2 h1=Q+ 64. Kxf2 Kg4 65. a6 Qh2+ 66. Ke1 Qxe2# 0-1

[Event "Wednesday Night Engine Tour 13 rd Swiss 3m+1s Starts at 2200hrs"]
[Site "Infinity Chess"]
[Date "2018.4.18"]
[Round "5"]
[White "MiKachomiKa QueeN"]
[Black "Mr Aj"]
[Result "1-0"]
[ECO "C42"]
[WhiteElo "2439"]
[BlackElo "2419"]
[WhiteEngine "stockfish_18041819_x64_modern_CTG"]
[BlackEngine "Houdini 6"]
[EventType "Swiss"]
[WhiteTeam ""]
[BlackTeam ""]
[PlyCount "116"]
[TimeControl "180+1"]

1. e4 e5 2. Nf3 Nf6 3. Nxe5 d6 4. Nf3 Nxe4 5. d4 d5 6. Bd3 Bb4+ 7. c3 Bd6 
8. O-O O-O 9. c4 c6 10. cxd5 cxd5 11. Nc3 Bf5 12. Qb3 Nc6 13. Qxd5 Ne7 
14. Qb3 Nxc3 15. Qxc3 Rc8 16. Qb3 Be6 17. Qd1 Bd5 18. Re1 Bb4 19. Re3 Bd6 
20. Bc2 Nc6 21. Bxh7+ Kxh7 22. Ng5+ Kg6 23. Rh3 f5 24. Ne6 Qe8 25. Nxf8+ Qxf8 
26. Qh5+ Kf6 27. Bg5+ Ke6 28. Qg6+ Kd7 29. Rh7 Re8 30. Rxg7+ Kc8 31. Bf6 Kb8 
32. Qxf5 Be6 33. Qg6 Bd5 34. Qh5 Nb4 35. Qg5 Bc6 36. Be5 Nd5 37. h4 a6 
38. Bxd6+ Qxd6 39. Rg8 Rxg8 40. Qxg8+ Ka7 41. Qg5 Qe6 42. h5 Qe4 43. Rd1 Nf4 
44. d5 Qe2 45. Rd4 Qe1+ 46. Kh2 Nxd5 47. Rxd5 Bxd5 48. Qxd5 Qxf2 49. Qe4 Qf6 
50. Kh3 Qf1 51. Qe3+ Ka8 52. Qe8+ Ka7 53. Qe3+ Ka8 54. h6 Qh1+ 55. Kg3 Qh5 
56. Qe6 Qc5 57. Kf3 Qf8+ 58. Ke2 Qh8 1-0

[Event "Wednesday Night Engine Tour 13 rd Swiss 3m+1s Starts at 2200hrs"]
[Site "Infinity Chess"]
[Date "2018.4.18"]
[Round "5"]
[White "ocirema"]
[Black "star99"]
[Result "1/2-1/2 "]
[ECO "C42"]
[WhiteElo "2452"]
[BlackElo "2487"]
[WhiteEngine "asmFishW_2018-04-11_popcnt_CTG"]
[BlackEngine "Cryptic Heroes 9.4B"]
[EventType "Swiss"]
[WhiteTeam ""]
[BlackTeam ""]
[PlyCount "162"]
[TimeControl "180+1"]

1. e4 e5 2. Nf3 Nf6 3. Nxe5 d6 4. Nf3 Nxe4 5. d4 d5 6. Bd3 Nc6 7. O-O Be7 
8. c4 Nf6 9. Nc3 dxc4 10. Bxc4 O-O 11. Re1 Bg4 12. d5 Nb4 13. a3 Bxf3 
14. gxf3 Na6 15. Ne4 Nc5 16. Bf4 Bd6 17. Nxd6 cxd6 18. b4 Nh5 19. Bg3 Nxg3 
20. hxg3 Nd7 21. Kg2 Nf6 22. a4 a5 23. Rb1 h6 24. Bd3 Qc7 25. Re2 Nxd5 
26. Rc2 Qe7 27. bxa5 Rxa5 28. Rc4 Nf6 29. Rb6 Nd5 30. Rb2 Nf6 31. Rd4 Rc8 
32. Qb1 Rc7 33. Rb6 Rac5 34. Rbxd6 g5 35. Qb2 Qe5 36. Qd2 Kg7 37. f4 gxf4 
38. Qxf4 Re7 39. Rb6 Rec7 40. Qxe5 Rxe5 41. Bb1 Ra5 42. Ba2 Ra6 43. Rb5 b6 
44. Rbb4 Rc6 45. Bc4 Ra7 46. Be2 Rc2 47. Bd1 Rc6 48. Be2 Rac7 49. Bf3 Re6 
50. Rd2 Rc1 51. Bb7 Nh7 52. Rd7 Rf6 53. Bd5 Nf8 54. Rb7 Rd1 55. Bf3 Rdd6 
56. Rg4+ Ng6 57. Be4 Kg8 58. Rb8+ Kg7 59. Re8 Rd4 60. Bf3 Rd3 61. Be2 Rd2 
62. Kf1 Rc6 63. Bb5 Rf6 64. Be2 Rc6 65. Bf3 Rf6 66. Kg2 Rd3 67. Be2 Rd2 
68. Re3 Rb2 69. Rd4 Nf8 70. Bf3 Ne6 71. Rg4+ Rg6 72. Rc4 b5 73. axb5 Rxb5 
74. Bg4 Rd5 75. Ra4 Nc5 76. Bf3 Rd2 77. Ra7 Re6 78. Rxe6 Nxe6 79. Ra5 Ng5 
80. Bd5 Rd4 81. Bc6 Rb4 1/2-1/2

[Event "Wednesday Night Engine Tour 13 rd Swiss 3m+1s Starts at 2200hrs"]
[Site "Infinity Chess"]
[Date "2018.4.18"]
[Round "5"]
[White "targam"]
[Black "picolo1"]
[Result "1/2-1/2"]
[ECO "C50"]
[WhiteElo "2540"]
[BlackElo "2460"]
[WhiteEngine "asmFishW_2018-04-11_bmi2"]
[BlackEngine "asmFishW_2018-04-11_base_y_CTG"]
[EventType "Swiss"]
[WhiteTeam ""]
[BlackTeam ""]
[PlyCount "90"]
[TimeControl "180+1"]

1. e4 e5 2. Nf3 Nc6 3. Bc4 Bc5 4. O-O Nf6 5. d3 d6 6. c3 O-O 7. Re1 a5 8. Bb3 h6 
9. h3 Ba7 10. Nbd2 b5 11. a4 b4 12. Bc4 Be6 13. Bb5 Ne7 14. d4 c6 15. Bd3 Ng6 
16. Nf1 Nh5 17. Be3 Ngf4 18. N1h2 exd4 19. cxd4 Nxd3 20. Qxd3 Nf6 21. Rac1 Rc8 
22. Nf1 d5 23. e5 Ne4 24. Ng3 c5 25. dxc5 Nxc5 26. Qd1 Qd7 27. Nd4 Nxa4 
28. Nh5 Nxb2 29. Qf3 Bxd4 30. Bxd4 Rxc1 31. Rxc1 Rc8 32. Ra1 Qc6 33. Qg3 g6 
34. Bxb2 Qc2 35. Bd4 b3 36. Nf6+ Kg7 37. Kh2 b2 38. Bxb2 Qxb2 39. Rxa5 Qc1 
40. Ra6 Qg5 41. f3 Qe3 42. Nh5+ Kh7 43. Nf6+ Kg7 44. Nh5+ Kh7 45. Nf6+ Kg7 
1/2-1/2

[Event "Wednesday Night Engine Tour 13 rd Swiss 3m+1s Starts at 2200hrs"]
[Site "Infinity Chess"]
[Date "2018.4.18"]
[Round "5"]
[White "Dovahkiin"]
[Black "RonWeasley"]
[Result "1/2-1/2"]
[ECO "C02"]
[WhiteElo "2419"]
[BlackElo "2545"]
[WhiteEngine "Raubfisch ME262_GTZ16f_CTG"]
[BlackEngine "BrainFish 090218_CTG"]
[EventType "Swiss"]
[WhiteTeam ""]
[BlackTeam ""]
[PlyCount "123"]
[TimeControl "180+1"]

1. e4 e6 2. d4 d5 3. e5 c5 4. c3 Nc6 5. Nf3 Qb6 6. a3 f6 7. Bd3 fxe5 
8. dxe5 Nge7 9. c4 dxc4 10. Bxc4 Nf5 11. O-O Be7 12. Bd3 O-O 13. Nc3 a6 
14. Be4 Qc7 15. Re1 Rb8 16. Ne2 b5 17. Nf4 Nd8 18. Qb3 g6 19. Bd2 Qb6 20. g4 Ng7 
21. Qc2 Bb7 22. Bxg6 hxg6 23. Nxg6 Nc6 24. Nxe7+ Nxe7 25. Ng5 Ngf5 26. gxf5 Nxf5 
27. Qd1 Qc7 28. h3 Rbe8 29. Kh2 Re7 30. f4 Rg7 31. Rg1 Qd7 32. Bc3 Qxd1 
33. Raxd1 Bd5 34. Bd2 Rc8 35. Rc1 Nd4 36. Rgf1 Nb3 37. Rcd1 Nd4 38. Ba5 Nf5 
39. Rg1 Kh8 40. Rd3 Kg8 41. Rc1 Rg6 42. Rdd1 c4 43. Rg1 Rg7 44. Rcd1 Ne3 
45. Rd2 Rf8 46. Bb6 Nf5 47. Rgd1 Ne7 48. Be3 Rc8 49. Bd4 a5 50. Bb6 b4 
51. Bxa5 bxa3 52. bxa3 c3 53. Rf2 Nf5 54. Rc1 Ra7 55. Rxc3 Rxc3 56. Bxc3 Rxa3 
57. Bb2 Rg3 58. Rc2 Rd3 59. Kg1 Rg3+ 60. Kh2 Rd3 61. Kg1 Rg3+ 62. Kh2 1/2-1/2

[Event "Wednesday Night Engine Tour 13 rd Swiss 3m+1s Starts at 2200hrs"]
[Site "Infinity Chess"]
[Date "2018.4.18"]
[Round "5"]
[White "Deep_Impact"]
[Black "xeonrocks"]
[Result "1/2-1/2"]
[ECO "C50"]
[WhiteElo "2549"]
[BlackElo "2625"]
[WhiteEngine "BrainFish_180411_x64_bmi2"]
[BlackEngine "Stockfish_x64_bmi2_CTG"]
[EventType "Swiss"]
[WhiteTeam ""]
[BlackTeam ""]
[PlyCount "156"]
[TimeControl "180+1"]

1. e4 e5 2. Nf3 Nc6 3. Bc4 Bc5 4. O-O Nf6 5. d3 d6 6. c3 a5 7. Bg5 Ba7 
8. Nbd2 h6 9. Bh4 Bd7 10. a4 Qe7 11. Bg3 Nh5 12. Kh1 O-O 13. h3 Nxg3+ 
14. fxg3 Be3 15. Kh2 Bxd2 16. Nxd2 Nd8 17. Bb3 Be6 18. Nc4 Qe8 19. Ne3 Bxb3 
20. Qxb3 Ra7 21. d4 Ne6 22. Qd1 f6 23. Qc2 Qd7 24. Qb3 Kh7 25. Qd5 Qf7 
26. Qc4 Raa8 27. Qd3 Qd7 28. g4 Rfe8 29. dxe5 Nc5 30. Qc2 dxe5 31. Rfd1 Qc6 
32. Rd5 Ne6 33. b3 b6 34. g3 Reb8 35. h4 Rd8 36. Rad1 Rf8 37. Kh3 Rae8 
38. Nf5 Rf7 39. Kh2 Rh8 40. Ne3 Rhf8 41. Kg1 Nc5 42. Kg2 Nb7 43. Ra1 Nd6 
44. Rf1 Kg8 45. Rf3 Qe8 46. b4 Nb7 47. Rf2 Qe6 48. Rf1 Kh7 49. Rfd1 Ra8 
50. Nf5 Nd6 51. Kg1 Rff8 52. Kh2 Rf7 53. Kg2 Rff8 54. Kf3 Nb7 55. Kg2 Nd6 
56. Kg1 Nxf5 57. exf5 Qc6 58. b5 Qc4 59. g5 fxg5 60. hxg5 Qg4 61. f6+ Kg8 
62. Rd7 Rf7 63. Rd8+ Rf8 64. Rxa8 Rxa8 65. gxh6 gxf6 66. Kg2 Kh8 67. Rf1 Rf8 
68. Qd3 Qxa4 69. c4 Qb4 70. Qd7 Rg8 71. h7 Rf8 72. Qxc7 Qb2+ 73. Rf2 Qd4 
74. Qe7 Qe4+ 75. Kg1 Qe1+ 76. Kg2 Qe4+ 77. Kg1 Qe1+ 78. Kg2 Qe4+ 1/2-1/2

[Event "Wednesday Night Engine Tour 13 rd Swiss 3m+1s Starts at 2200hrs"]
[Site "Infinity Chess"]
[Date "2018.4.18"]
[Round "4"]
[White "ocirema"]
[Black "MiKachomiKa QueeN"]
[Result "1/2-1/2"]
[ECO "D30"]
[WhiteElo "2453"]
[BlackElo "2438"]
[WhiteEngine "asmFishW_2018-04-11_popcnt_CTG"]
[BlackEngine "stockfish_18041819_x64_modern_CTG"]
[EventType "Swiss"]
[WhiteTeam ""]
[BlackTeam ""]
[PlyCount "161"]
[TimeControl "180+1"]

1. d4 d5 2. c4 e6 3. Nf3 Nf6 4. Nc3 c6 5. e3 Nbd7 6. Qc2 Bd6 7. b3 O-O 8. Be2 b6 
9. Bb2 Bb7 10. O-O Re8 11. Rfd1 Rb8 12. Rac1 Qe7 13. Bf1 Rbc8 14. g3 c5 
15. cxd5 exd5 16. dxc5 bxc5 17. Bg2 Bc6 18. Qd3 Bb8 19. Qf1 Nb6 20. Nh4 g6 
21. Nf3 Bb7 22. Qd3 a6 23. Re1 Nbd7 24. Na4 Ne4 25. Red1 Ba7 26. Nd2 Nef6 
27. Qe2 Rc7 28. Nf3 Ne4 29. Re1 Qd8 30. Qd1 f5 31. h3 Ndf6 32. Qc2 Rc8 
33. Nc3 d4 34. Nxe4 fxe4 35. Nd2 Qb6 36. Qc4+ Bd5 37. Qa4 Rc6 38. Nc4 Qb5 
39. Qa3 d3 40. Red1 Qb4 41. h4 Rce6 42. Bh3 Rc6 43. Qxb4 cxb4 44. Nd2 Rd6 
45. a3 bxa3 46. Bxa3 Rb6 47. Bb2 Rd6 48. Ra1 h5 49. Rdc1 Ng4 50. Bxg4 hxg4 
51. Kf1 Bb6 52. Rxa6 Rf8 53. Kg1 Re6 54. Ra4 Bc6 55. Raa1 Rf5 56. Bd4 Bxd4 
57. exd4 Bb7 58. Ra7 Rf7 59. Re1 Rd6 60. Ra4 Rc7 61. Rc4 Rxc4 62. bxc4 Rxd4 
63. Rb1 Rd7 64. Rb6 Kf7 65. Kf1 Re7 66. c5 Rc7 67. Nc4 Bd5 68. Ne5+ Kg8 
69. Rxg6+ Kh7 70. c6 Re7 71. Rg5 Ra7 72. Nxg4 Bxc6 73. Ke1 Ra1+ 74. Kd2 Ra2+ 
75. Ke3 Re2+ 76. Kd4 d2 77. Nf6+ Kh6 78. Ng4+ Kh7 79. Nf6+ Kh6 80. Ng8+ Kh7 
81. Nf6+ 1/2-1/2

[Event "Wednesday Night Engine Tour 13 rd Swiss 3m+1s Starts at 2200hrs"]
[Site "Infinity Chess"]
[Date "2018.4.18"]
[Round "4"]
[White "star99"]
[Black "targam"]
[Result "1/2-1/2"]
[ECO "C65"]
[WhiteElo "2485"]
[BlackElo "2542"]
[WhiteEngine "Cryptic Heroes 9.4B"]
[BlackEngine "asmFishW_2018-04-11_bmi2"]
[EventType "Swiss"]
[WhiteTeam ""]
[BlackTeam ""]
[PlyCount "116"]
[TimeControl "180+1"]

1. e4 e5 2. Nf3 Nc6 3. Bb5 Nf6 4. O-O Nxe4 5. Re1 Nd6 6. Nxe5 Be7 7. Bf1 Nxe5 
8. Rxe5 O-O 9. d4 Bf6 10. Re1 Re8 11. c3 Rxe1 12. Qxe1 Ne8 13. Bf4 d5 
14. Nd2 Bf5 15. Qe3 c6 16. Re1 Nd6 17. Bd3 Bxd3 18. Qxd3 g6 19. Nb3 a5 
20. Qd1 b6 21. Nc1 Ra7 22. Nd3 Re7 23. h3 Nf5 24. Rxe7 Qxe7 25. Qf3 Ng7 
26. Be5 Bg5 27. Bf4 Bf6 28. Be5 Bg5 29. Bg3 f6 30. Kf1 Ne6 31. h4 Bh6 32. Bh2 b5 
33. g4 b4 34. Qe2 Bf8 35. Qe3 c5 36. dxc5 Nxc5 37. Qxe7 Bxe7 38. Nxc5 Bxc5 
39. cxb4 axb4 40. Bf4 h5 41. gxh5 gxh5 42. Ke2 Kf7 43. f3 Ke6 44. Bg3 Bd4 
45. Be1 b3 46. axb3 Bxb2 47. Kd3 Be5 48. b4 Kd6 49. Bf2 Kc6 50. Bd4 Bd6 
51. Bxf6 Bxb4 52. f4 Kd7 53. f5 Ba3 54. Kd4 Bb2+ 55. Kxd5 Bxf6 56. Ke4 Ba1 
57. Kf4 Bb2 58. f6 Bxf6 1/2-1/2

[Event "Wednesday Night Engine Tour 13 rd Swiss 3m+1s Starts at 2200hrs"]
[Site "Infinity Chess"]
[Date "2018.4.18"]
[Round "4"]
[White "RonWeasley"]
[Black "picolo1"]
[Result "1/2-1/2"]
[ECO "E32"]
[WhiteElo "2549"]
[BlackElo "2456"]
[WhiteEngine "BrainFish 090218_CTG"]
[BlackEngine "asmFishW_2018-04-11_base_y_CTG"]
[EventType "Swiss"]
[WhiteTeam ""]
[BlackTeam ""]
[PlyCount "98"]
[TimeControl "180+1"]

1. d4 Nf6 2. c4 e6 3. Nc3 Bb4 4. Qc2 O-O 5. e4 d5 6. e5 Ne4 7. Bd3 c5 
8. Nf3 cxd4 9. Nxd4 Nd7 10. Bf4 Qh4 11. g3 Qh5 12. O-O g5 13. cxd5 Bxc3 
14. bxc3 exd5 15. Bxe4 dxe4 16. e6 gxf4 17. exd7 Bxd7 18. Qxe4 fxg3 19. fxg3 Bh3 
20. Rf3 Rfe8 21. Qxb7 Rab8 22. Qc6 Qg5 23. Rf2 Rbc8 24. Qf3 Re7 25. Nf5 Bxf5 
26. Qd5 Rd7 27. Qxf5 Qxf5 28. Rxf5 Rxc3 29. Raf1 Rc2 30. R1f2 Rxf2 31. Rxf2 Rd3 
32. Kg2 Ra3 33. Kh3 h6 34. Kg4 Ra5 35. Kf4 Kg7 36. g4 Ra4+ 37. Kf5 Ra5+ 
38. Ke4 Kg6 39. h4 Ra4+ 40. Kf3 h5 41. gxh5+ Kxh5 42. Ke3 Kg6 43. Rg2+ Kf6 
44. Rf2+ Kg6 45. Rg2+ Kh5 46. Rf2 Kxh4 47. Rxf7 Ra3+ 48. Ke4 Rxa2 49. Kd5 Ra4 
1/2-1/2

[Event "Wednesday Night Engine Tour 13 rd Swiss 3m+1s Starts at 2200hrs"]
[Site "Infinity Chess"]
[Date "2018.4.18"]
[Round "4"]
[White "xeonrocks"]
[Black "Dovahkiin"]
[Result "1-0"]
[ECO "B90"]
[WhiteElo "2617"]
[BlackElo "2427"]
[WhiteEngine "Stockfish_x64_bmi2_CTG"]
[BlackEngine "Raubfisch ME262_GTZ16f_CTG"]
[EventType "Swiss"]
[WhiteTeam ""]
[BlackTeam ""]
[PlyCount "173"]
[TimeControl "180+1"]

1. e4 c5 2. Nf3 d6 3. d4 cxd4 4. Nxd4 Nf6 5. Nc3 a6 6. Be3 e5 7. Nb3 Be6 
8. f3 Be7 9. Qd2 O-O 10. O-O-O Nbd7 11. g4 b5 12. g5 b4 13. gxf6 bxc3 
14. Qxc3 Nxf6 15. Na5 Rc8 16. Nc6 Qc7 17. Nxe7+ Qxe7 18. Qa5 Rc6 19. Kb1 Rfc8 
20. Rd2 Nh5 21. Be2 Nf4 22. Bd1 Qb7 23. h4 h6 24. b3 Qe7 25. Bxf4 exf4 
26. Be2 Qf6 27. h5 Qg5 28. Qxg5 hxg5 29. h6 g6 30. Kb2 Kh7 31. c4 Rb8 32. Kc3 a5 
33. Bf1 Rcb6 34. Rb2 f6 35. Rhh2 Re8 36. Rbd2 Bf7 37. Rd4 Rd8 38. Be2 Rc6 
39. Bd3 Be6 40. Bf1 Rb6 41. Bh3 Bg8 42. Rdd2 Rc6 43. Rd4 Rb6 44. a3 Rdb8 
45. Rb2 Re8 46. b4 axb4+ 47. axb4 Ra8 48. Bd7 Ra3+ 49. Rb3 Ra7 50. Bg4 Kxh6 
51. b5 Ra1 52. Rb2 Kg7 53. Rc2 Kf8 54. Rcd2 Ke7 55. Rd1 Ra8 56. Kb4 Ra2 
57. R4d2 Rxd2 58. Rxd2 Be6 59. Bxe6 Kxe6 60. Ka5 Rb8 61. b6 f5 62. exf5+ gxf5 
63. Ka6 Ra8+ 64. Kb5 Rb8 65. Rg2 g4 66. fxg4 f3 67. gxf5+ Kxf5 68. Rd2 Ke5 
69. Rd1 Ke6 70. Rf1 Kd7 71. Rxf3 Rh8 72. b7 Rb8 73. Kb6 Rh8 74. Rf7+ Ke6 
75. Rc7 Rh3 76. Kc6 Rb3 77. Rc8 Ra3 78. b8=Q Ra6+ 79. Kb5 Ra2 80. Re8+ Kf5 
81. Rf8+ Ke5 82. Qe8+ Kd4 83. Rf4+ Kc3 84. Qe3+ Kc2 85. Qe2+ Kc3 86. Rf3+ Kd4 
87. Rd3# 1-0